 Dungeon Crawl Stone Soup version 0.22-a0-567-gff9aefc (webtiles) character file.

153 jamsan the Skirmisher (level 5, 0/42 HPs)
             Began as a Human Monk on June 29, 2018.
             Was a Believer of the Shining One.
             Slain by an iron imp (8 damage)
             ... summoned by Natasha
             ... on level 3 of the Dungeon.
             The game lasted 00:08:29 (2305 turns).

jamsan the Skirmisher (Human Monk)                  Turns: 2305, Time: 00:08:30

Health: 0/42       AC:  6    Str: 13    XL:     5   Next: 61%
Magic:  6/6        EV: 13    Int: 10    God:    the Shining One [**....]
Gold:   104        SH:  4    Dex: 15    Spells: 4/4 levels left

rFire    . . .     SeeInvis .   p - +2 falchion (slice)
rCold    . . .     Gourm    .   (no shield)
rNeg     + . .     Faith    .   o - +0 acid dragon scales
rPois    .         Spirit   .   (no helmet)
rElec    .         Reflect  +   (no cloak)
rCorr    +         Harm     .   (no gloves)
MR       .....                  (no boots)
Stlth    +.........             n - +4 amulet of reflection
HPRegen  0.14/turn              d - ring of resist corrosion
MPRegen  0.10/turn              (no ring)

@: glowing
A: no striking features
a: Divine Shield, Renounce Religion


You were on level 3 of the Dungeon.
You worshipped the Shining One.
The Shining One was pleased with you.
You were not hungry.

You visited 1 branch of the dungeon, and saw 3 of its levels.

You collected 104 gold pieces.

Inventory:

Hand Weapons
 p - a +2 falchion of slicing (weapon)
Armour
 b - a +0 robe
 i - a +0 ring mail
 o - +0 acid dragon scales (worn)
Jewellery
 d - a ring of resist corrosion (left hand)
 n - a +4 amulet of reflection (around neck)
Scrolls
 f - 2 scrolls of amnesia
 g - 2 scrolls of remove curse
 h - a scroll of magic mapping
 j - a scroll of identify
 k - 2 scrolls of enchant weapon
 m - a scroll of teleportation
 r - a scroll of immolation {unknown}
Potions
 e - a potion of flight
 l - 2 potions of curing {unknown}
 q - a potion of lignification {unknown}
Comestibles
 a - 2 chunks of flesh
 c - 3 rations


   Skills:
 + Level 3.8 Fighting
 + Level 3.7 Long Blades
 + Level 2.0 Armour
 + Level 3.7 Dodging
 - Level 2.0 Stealth
 + Level 1.5 Invocations


You had 4 spell levels left.
You didn't know any spells.
Your spell library was empty.

Dungeon Overview and Level Annotations

Branches:
Dungeon (3/15)

Altars:
The Shining One

Annotations:
D:3 Natasha


Message History

Natasha claws you.
The goblin throws a stone.
The stone hits you but does no damage. The iron imp closely misses you.
You hit Natasha.
Natasha is severely wounded.
Natasha mumbles some strange words.
The iron imp hits you. Natasha claws you.
You hit Natasha but do no damage.
Natasha is severely wounded.
The goblin closely misses you.
You riposte.
You hit the goblin.
You kill the goblin!
The iron imp hits you. You block Natasha's attack.
The white imp closely misses you.
You hit Natasha.
Natasha is almost dead.
Natasha claws you!
* * * LOW HITPOINT WARNING * * *
The white imp barely misses you.
You riposte.
You hit the white imp.
The white imp is moderately wounded.
The iron imp hits you!
You die...

#.##.#.#.........#...........*
#.##.#.##.#.#.#......)#######*
#.#.........#.#.......#
#.#,,***#.....#(......#
*#..,,,,,,,,...#.......#
,...,,*****#.#.#.......#
,...,,* ###,#.).....# ,,,,,,*
#.#(......#
****,,*******#..@5.#...# *
*,,**,,,,,#.h(5.....# *
*,,**,***,#.#.......# *
*,,**,***,#.....#...# *
*,,#...,#...........# *
*,,....,#.#..#.....## *
***,#.%..#.*..#.<...#
***,,,.g!..#....#.....#*
,**,,,.g..g..##.##.....#


You could see an iron imp, Natasha and a white imp.

Vanquished Creatures
  Natasha (D:3)
  Robin (D:3)
  4 adders
  2 oozes
  A dart slug (D:2)
  5 leopard geckos
  An orc (D:3)
  A ball python (D:2)
  2 giant cockroaches
  10 goblins
  11 hobgoblins
  2 quokkas (D:2)
  6 bats
  5 frilled lizards
  4 kobolds
  A leopard gecko skeleton (D:3)
  8 rats
65 creatures vanquished.

Notes
Turn   | Place    | Note
-------+----------+-------------------------------------------
     0 | D:1      | jamsan the Human Monk began the quest for the Orb.
     0 | D:1      | Reached XP level 1. HP: 18/18 MP: 1/1
   140 | D:1      | Reached XP level 2. HP: 18/24 MP: 2/2
   736 | D:1      | Reached skill level 1 in Armour
   736 | D:1      | Reached XP level 3. HP: 26/29 MP: 3/3
  1069 | D:2      | Found a glowing golden altar of the Shining One.
  1237 | D:2      | Became a worshipper of the Shining One
  1237 | D:2      | Reached * piety under the Shining One
  1237 | D:2      | Reached ** piety under the Shining One
  1335 | D:2      | Reached XP level 4. HP: 31/35 MP: 4/4
  1903 | D:3      | Noticed Robin
  2118 | D:3      | Reached XP level 5. HP: 42/42 MP: 5/5
  2194 | D:3      | Noticed Natasha
  2203 | D:3      | Killed Natasha
  2203 | D:3      | Reached skill level 1 in Invocations
  2287 | D:3      | Noticed Natasha
  2297 | D:3      | Killed Robin
  2305 | D:3      | Slain by an iron imp

Vault maps used:
D:1:      dpeg_arrival_yet_another_circle
D:2:      nicolae_overflow_crystal_walls
D:3:      uniq_robin, uniq_natasha, uniq_purgy

Skill      XL: |  1  2  3  4  5 |
---------------+----------------+-----
Armour         | 1 2 |  2.0
Invocations    | 1 |  1.5
Fighting       | |  3.8
Long Blades    | |  3.7
Dodging        | |  3.7
Stealth        | |  2.0

Action                   |  1- 3 |  4- 6 || total
-------------------------+-------+-------++-------
Melee: Falchion          |    76 |    84 ||   160
  Use: Scroll            |       |     6 ||     6
 Stab: Sleeping          |     7 |       ||     7
  Eat: Chunk             |     1 |     2 ||     3
       Ration            |       |     1 ||     1
Armor: Robe              |     4 |       ||     4
       Ring mail         |     7 |     9 ||    16
       Acid dragon scale |       |    13 ||    13
Dodge: Dodged            |    55 |    54 ||   109
Block: Other             |       |     6 ||     6
       Rpst.: Falchion   |    22 |    21 ||    43

Table legend:
 A = Spawn XP
 B = Non-spawn XP
 C = Spawn XP percentage of total XP
 D = Spawn monster count
 E = Non-spawn monster count
 F = Spawn count percentage of total count
 G = Total turns spent on level
                    A         B        C        D         E        F      G
               +---------+---------+-------+---------+---------+-------+---------
         Total |       0 |     219 |   0.0 |       0 |      65 |   0.0 |  2305
               +---------+---------+-------+---------+---------+-------+---------
           D:1 |       0 |      33 |   0.0 |       0 |      19 |   0.0 |  1013
           D:2 |       0 |      87 |   0.0 |       0 |      24 |   0.0 |   974
           D:3 |       0 |      99 |   0.0 |       0 |      22 |   0.0 |   318
               +---------+---------+-------+---------+---------+-------+---------
